 Dungeon Crawl Stone Soup version 0.31-a0-1-g4198be8af4 (webtiles) character file.

Game seed: 7075198454251132552

2800 Gargoyl the Cleaver (level 9, -8/57 HPs)
             Began as a Gargoyle Berserker on May 1, 2023.
             Was an Elder of Trog.
             Mangled by a large abomination (28 damage)
             ... on level 1 of the Abyss.
             The game lasted 00:09:12 (4062 turns).

Gargoyl the Cleaver (Gargoyle Berserker)            Turns: 4062, Time: 00:09:12

Health: -8/57      AC: 16    Str: 23    XL:     9   Next: 71%
Magic:  0/9        EV: 10    Int: 14    God:    Trog [****..]
Gold:   287        SH:  0    Dex: 17    Spells: 8/8 levels left

rFire   + . .        c - +10 broad axe "Hydrabane" {heavy, *Slow rElec Int+6}
rCold   . . .        (no shield)
rNeg    + . .        z - +0 chain mail
rPois   ∞            (no helmet)
rElec   +            (no cloak)
rCorr   .            (no gloves)
SInv    .            (no boots)
Will    ++...        e - amulet of guardian spirit Stlth
                     o - +6 ring of dexterity
HPRegen 1.29/turn    x - ring of protection from fire
MPRegen 0.11/turn

%: slow self (1%), guardian spirit
@: strong-willed, regenerating
A: sickness immunity, AC +6, negative energy resistance 1, electricity
resistance, torment resistance 1, petrification resistance
a: Renounce Religion, Berserk, Trog's Hand, Brothers in Arms


You were on level 1 of the Abyss.
You worshipped Trog.
Trog was greatly pleased with you.
You visited 1 branch of the dungeon, and saw 6 of its levels.
You visited the Abyss 1 time.
You also visited: Sewer.

You collected 287 gold pieces.

Inventory:

Hand Weapons
 c - the +10 broad axe "Hydrabane" (weapon) {heavy, *Slow rElec Int+6}
   (You acquired it on level 2 of the Dungeon)

   Int:       It affects your intelligence (+6).
   rElec:     It insulates you from electricity.
   *Slow:     It may slow you when you take damage.
 d - a +3 heavy hand axe
Armour
 z - a +0 chain mail (worn)
Jewellery
 e - an amulet of guardian spirit (around neck)
 o - a +6 ring of dexterity (left hand)
 x - a ring of protection from fire (right hand)
Wands
 v - a wand of paralysis (3)
 w - a wand of digging (6)
Scrolls
 k - a scroll of enchant weapon
 l - 3 scrolls of vulnerability
 m - 4 scrolls of teleportation
 p - a scroll of magic mapping
 q - 3 scrolls of fog
 r - a scroll of poison
 s - 3 scrolls of fear
 u - a scroll of blinking
 y - a scroll of identify
Potions
 a - 3 potions of curing
 b - a potion of brilliance {unknown}
 f - a potion of resistance
 g - a potion of ambrosia {unknown}
 h - a potion of invisibility {unknown}
 i - a potion of might {unknown}
 j - 2 potions of attraction {unknown}
 n - 3 potions of mutation {unknown}
 t - a potion of lignification {unknown}
 A - 2 potions of heal wounds


   Skills:
 + Level 7.1 Fighting
 + Level 9.4 Axes
 + Level 4.6 Armour
 + Level 3.8 Dodging
 + Level 3.4 Stealth


You had 8 spell levels left.
You didn't know any spells.
Your spell library was empty.

Dungeon Overview and Level Annotations

Branches:
Dungeon (6/15)             Temple (0/1) D:5           Sewer (visited)

Altars:
Fedhas
Kikubaaqudgha

Shops:
D:4 (

Annotations:
D:6 Eustachio


Innate Abilities, Weirdness & Mutations

You are immune to sickness and miasma.
Your stone body is resilient. (AC +6)
You are immune to poison.
You resist negative energy. (rN+)
You are resistant to electric shocks. (rElec)
You are resistant to unholy torment.
You are immune to petrification.


Message History

The small abomination barely misses you.
The iron imp hits you but does no damage.
The small abomination hits you but does no damage.
You slice the iron imp!!
You kill the iron imp!
Trog accepts your kill.
You hit the small abomination.
The small abomination barely misses you.
The small abomination hits you!
You slash the small abomination!
You destroy the small abomination!
Trog accepts your kill.
Your Axes skill increases to level 9!
You see here a raiju corpse.
Magic restored.
A smoke demon comes into view.
Your skin crawls.
You feel strong-willed.
The smoke demon roars!
Unknown command.
You start waiting.
A large abomination comes into view.
You slice the smoke demon!!
The smoke demon is almost dead.
The smoke demon barely misses you. The smoke demon hits you.
The smoke demon hits you but does no damage.
Unknown command.
You slice the smoke demon!!
You kill the smoke demon!
Trog accepts your kill.
You barely miss the large abomination. The large abomination hits you.
The large abomination barely misses you.
Unknown command.
You barely miss the large abomination.
The substance of the Abyss twists violently, and a gateway leading out appears!
The large abomination hits you!!
You slash the large abomination!
The large abomination is moderately damaged.
The large abomination hits you!! x2
You die...

..... ###..... #
......#### .
......#.#
.......# ##
#...... #
#..####...# .#
#.......†### .
#....X@...# . # #
#.....§##†.......
#....#..###
.#.#.. . ... ##.
# #.. .. .# #
#..... ....## #.
.. ##. #h.##3 # #
## .## .. # . ##.
##. # . .. # . #


You could see a large abomination.

Vanquished Creatures
  A smoke demon (Abyss:1)
  3 raiju (Abyss:1)
  Sigmund (D:2)
  2 small abominations (Abyss:1)
  A water moccasin (D:6)
  Duvessa (D:4)
  An ice beast (D:6)
  An ogre (D:5)
  A phantom (D:4)
  A kobold brigand (D:6)
  3 bullfrogs
  A gnoll sergeant (D:5)
  A scorpion (D:4)
  Dowan (D:4)
  The ghost of Morbidden the Gusty, a weakling DgAE (D:4)
  A howler monkey (D:5)
  A hound (D:5)
  An iron imp (Abyss:1)
  A jelly (D:5)
  3 orc priests
  2 iguanas
  3 orc wizards
  16 adders
  5 gnolls (D:5)
  3 river rats (Sewer)
  3 worms
  2 dart slugs
  10 orcs
  9 endoplasms
  4 giant cockroaches
  10 hobgoblins
  6 jackals
  7 kobolds
  4 quokkas
  2 training dummies (D:4)
  17 ball pythons
  3 bats
  5 frilled lizards
  9 goblins
  31 rats
178 creatures vanquished.

Notes
Turn   | Place    | Note
-------+----------+-------------------------------------------
     0 | D:1      | Gargoyl the Gargoyle Berserker began the quest for the Orb.
     0 | D:1      | Reached XP level 1. HP: 14/14 MP: 1/1
   121 | D:1      | Reached XP level 2. HP: 16/19 MP: 2/2
   163 | D:1      | Reached skill level 3 in Axes
   672 | D:2      | Identified a scroll of acquirement
   672 | D:2      | Acquired the +10 broad axe "Hydrabane" {heavy, *Slow rElec
                  | Int+6}
   692 | D:2      | Reached XP level 3. HP: 21/24 MP: 3/3
   753 | D:2      | Reached ** piety under Trog
   754 | D:2      | Reached skill level 1 in Stealth
   892 | D:2      | Noticed Sigmund
   899 | D:2      | Killed Sigmund
   900 | D:2      | Reached skill level 4 in Axes
   900 | D:2      | Reached XP level 4. HP: 30/30 MP: 4/4
   900 | D:2      | Reached XP level 5. HP: 34/34 MP: 5/5
   928 | D:2      | Reached XP level 6. HP: 38/40 MP: 4/6
  1918 | D:3      | Reached skill level 5 in Fighting
  2116 | D:3      | Found a glowing drain.
  2121 | Sewer    | Entered a sewer
  2153 | Sewer    | Reached skill level 5 in Axes
  2294 | Sewer    | Reached *** piety under Trog
  2371 | Sewer    | Reached XP level 7. HP: 44/44 MP: 5/7
  2913 | D:4      | Found a blossoming altar of Fedhas.
  2917 | D:4      | Found an ancient bone altar of Kikubaaqudgha.
  2957 | D:4      | Found a runed translucent gate.
  2958 | D:4      | Found a runed translucent gate.
  2958 | D:4      | Noticed Morbidden's ghost (weakling DgAE)
  3008 | D:4      | Found Iffadipp's Weapon Shoppe.
  3166 | D:4      | Found a runed translucent gate.
  3175 | D:4      | Reached skill level 6 in Axes
  3176 | D:4      | Killed Morbidden's ghost
  3180 | D:4      | Reached XP level 8. HP: 51/51 MP: 8/8
  3257 | D:4      | Noticed Duvessa
  3257 | D:4      | Noticed Dowan
  3260 | D:4      | Killed Duvessa
  3261 | D:4      | Killed Dowan
  3383 | D:5      | Entered Level 5 of the Dungeon
  3396 | D:5      | Reached **** piety under Trog
  3397 | D:5      | Reached skill level 7 in Axes
  3401 | D:5      | Found a staircase to the Ecumenical Temple.
  3852 | D:6      | Reached XP level 9. HP: 56/56 MP: 7/9
  3910 | D:6      | Noticed Eustachio
  3926 | Abyss:1  | Cast into level 1 of the Abyss (Eustachio)
  3939 | Abyss:1  | Found a corrupted altar of Lugonu.
  3987 | Abyss:1  | Reached skill level 8 in Axes
  3998 | Abyss:1  | Reached skill level 9 in Axes
  4050 | Abyss:1  | Noticed a smoke demon
  4060 | Abyss:1  | Killed a smoke demon
  4062 | Abyss:1  | Mangled by a large abomination

Illustrated notes

Levels and vault maps discovered:
D:1:      scummos_arrival_simple_crosswalls, layout_basic, minivault_26
D:2:      layout_basic, kennysheep_generic_room_6, uniq_sigmund
D:3:      layout_basic, gup_sewer_entry_bowl
D:4:      dreamdust_elfheim, layout_rooms,
          grunt_temple_overflow_growth_and_decay, serial_shops, shop,
          gammafunk_ghost_split
D:5:      layout_cave_pools, minmay_temple_entry_grid
D:6:      layout_cave_pools, jmf_multi_god_temple, uniq_eustachio
Abyss:1:  base:
D:6

Skill      XL: |  1  2  3  4  5  6  7  8  9 |
---------------+----------------------------+-----
Axes           | 3 4 5 6 7 9 |  9.4
Fighting       | 4 5 6 7 |  7.1
Stealth        | 1 2 3 |  3.4
Dodging        | 2 3 |  3.8
Armour         | 3 4 |  4.6

Action                     |  1- 3 |  4- 6 |  7- 9 || total
---------------------------+-------+-------+-------++-------
  Melee: Hand axe          |    57 |       |       ||    57
         Broad axe         |    14 |    99 |    92 ||   205
         Punch             |       |       |     2 ||     2
 Invoke: Berserk           |     2 |     3 |     6 ||    11
         Trog's Hand       |     1 |     1 |     4 ||     6
    Use: Scroll            |     5 |     4 |     6 ||    15
         Potion            |       |     1 |       ||     1
   Stab: Sleeping          |       |     2 |     3 ||     5
 Armour: Animal skin       |    30 |    79 |    19 ||   128
         Chain mail        |       |       |    69 ||    69
  Dodge: Dodged            |    55 |   130 |   121 ||   306

Table legend: (Time is in decaauts)
 A = Elapsed time spent in this place.
 B = Non-inter-level travel time spent in this place.
 C = Inter-level travel time spent in this place.
 D = Time resting spent in this place.
 E = Time spent auto-exploring this place.
 F = Levels seen in this place.
 G = Mean time per level.
                   A        B        C        D        E       F      G
               +--------+--------+--------+--------+--------+-----+--------+
         Total |   4432 |   4332 |    100 |     88 |   2934 |   8 |  554.0 |
       Dungeon |   3845 |   3745 |    100 |      0 |   2715 |   6 |  640.8 |
         Abyss |    147 |    147 |      0 |      2 |    102 |   1 |  147.0 |
         Sewer |    439 |    439 |      0 |     86 |    116 |   1 |  439.0 |
               +--------+--------+--------+--------+--------+-----+--------+

Top non-repeatable levels by time:
     D:3: 1014 daAuts
     D:2: 967 daAuts
     D:1: 683 daAuts
     D:4: 559 daAuts
     D:5: 505 daAuts
   Sewer: 439 daAuts
 Abyss:1: 147 daAuts
     D:6: 115 daAuts
